AoeStats
← tonytctang

Arena

507210197Analyzed
4v4 RM · 15d ago on Sep 17, 2026· 48m 52s· 8 players
Game mode
Random Map
Map size
Large (8 player)
Population
200
Speed
Normal
Resources
Standard
Victory
Conquest
Starting age
Dark Age
Ending age
Imperial Age
RankedLock teamsTeams togetherTeam positionsShared explorationLock speedFull tech treeHidden civsTurbo modeCheats
Victory
Defeat
🇭🇰 Turks · Hong Kong SAR China
1150
+11
🇭🇰 Saracens · Hong Kong SAR China
1144
+11
🇭🇺 Slavs · Hungary
1094
+13
🇨🇳 Hindustanis · China
1074
+14
1105
-14
🇲🇽 Persians · Mexico
1044
-13
🇺🇸 Burgundians · United States
998
-11
🇺🇸 Ethiopians · United States
998
-11
laughingman
10:50 Feudal Age
11:11 Horse Collar
17:17 Castle Age
16:04 Bloodlines
16:03 Double-Bit Axe
16:42 Gold Mining
16:43 Stone Mining
18:32 Bow Saw
19:03 Scale Barding Armor
19:00 Loom
20:04 Forging
21:42 Heavy Plow
23:23 Town Watch
24:13 Wheelbarrow
25:17 Iron Casting
27:25 Hand Cart
27:23 Pikeman
30:59 Ballistics
30:35 Man-at-Arms
31:15 Squires
32:03 Gold Shaft Mining
34:44 Imperial Age
33:27 Detinets
35:03 Chain Barding Armor
34:35 Fletching
35:51 Conscription
34:58 Elite Boyar
35:08 Long Swordsman
35:09 Halberdier
35:13 Capped Ram
37:14 Chemistry
36:20 Siege Engineers
36:20 Husbandry
35:41 Cavalier
35:48 Light Cavalry
36:57 Scale Mail Armor
36:53 Bodkin Arrow
38:33 Masonry
39:33 Two-Man Saw
39:07 Crop Rotation
39:52 Blast Furnace
39:38 Chain Mail Armor
39:44 Murder Holes
40:03 Fortified Wall
40:59 Druzhina
42:08 Plate Mail Armor
42:44 Plate Barding Armor
46:36 Caravan
46:45 Padded Archer Armor
46:08 Siege Ram
kit7292001
4:45 Loom
11:16 Feudal Age
12:05 Double-Bit Axe
12:03 Horse Collar
17:47 Castle Age
26:37 Imperial Age
31:11 Heavy Plow
33:35 Gold Mining
34:45 Wheelbarrow
36:37 Hand Cart
37:12 Bloodlines
40:19 Artillery
42:45 Scale Barding Armor
44:59 Forging
45:52 Husbandry
tonytctang
10:53 Feudal Age
11:43 Double-Bit Axe
11:52 Horse Collar
18:01 Castle Age
16:18 Stone Mining
17:42 Loom
18:30 Gold Mining
19:36 Bow Saw
22:21 Heavy Plow
24:50 Wheelbarrow
24:04 Town Watch
25:54 Hand Cart
26:38 Forging
26:34 Scale Barding Armor
28:43 Gold Shaft Mining
29:24 Bloodlines
29:15 Husbandry
30:37 Iron Casting
33:53 Imperial Age
34:18 Chain Barding Armor
33:20 Light Cavalry
34:33 Town Patrol
35:36 Blast Furnace
34:06 Hussar
35:19 Conscription
36:16 Two-Man Saw
38:13 Plate Barding Armor
40:25 Elite Mameluke
49:57 Chemistry
49:08 Masonry
49:04 Siege Engineers
48:39 Treadmill Crane
49:20 Ballistics
tate
11:04 Feudal Age
12:27 Loom
15:19 Castle Age
13:22 Double-Bit Axe
13:18 Horse Collar
16:16 Loom
20:08 Bow Saw
20:59 Wheelbarrow
22:05 Heavy Plow
23:42 Gold Mining
25:14 Loom
28:14 Imperial Age
26:55 Scale Barding Armor
27:00 Forging
28:14 Chain Barding Armor
28:18 Bloodlines
28:09 Husbandry
29:38 Iron Casting
28:38 Heavy Camel Rider
30:21 Plate Barding Armor
30:56 Chemistry
31:44 Conscription
32:36 Blast Furnace
32:31 Imperial Camel Rider
34:49 Town Watch
35:19 Hand Cart
35:52 Husbandry
38:24 Shatagni
39:14 Coinage
38:46 Caravan
41:34 Coinage
41:14 Light Cavalry
42:40 Hussar
43:19 Pikeman
43:59 Squires
43:45 Arson
46:33 Siege Engineers
46:49 Ballistics
46:39 Masonry
47:47 Siege Elephant
CoCoBudda42
11:24 Feudal Age
15:49 Castle Age
15:05 Double-Bit Axe
15:06 Horse Collar
20:28 Bow Saw
22:37 Wheelbarrow
23:10 Heavy Plow
25:54 Hand Cart
25:14 Crossbowman
26:06 Thumb Ring
29:44 Imperial Age
28:55 Fletching
29:05 Padded Archer Armor
30:16 Gold Mining
29:59 Arbalester
30:40 Bodkin Arrow
31:49 Chemistry
31:10 Ballistics
34:42 Two-Man Saw
34:49 Conscription
35:03 Torsion Engines
36:18 Siege Engineers
38:12 Bracer
38:28 Leather Archer Armor
42:17 Ring Archer Armor
47:16 Caravan
Diesel_Dab
6:51 Double-Bit Axe
13:37 Horse Collar
13:56 Gold Mining
15:47 Feudal Age
19:28 Castle Age
19:25 Heavy Plow
19:38 Bow Saw
20:08 Gold Shaft Mining
19:25 Stone Mining
26:59 Wheelbarrow
27:24 Stone Shaft Mining
26:35 Cavalier
28:15 Husbandry
28:24 Scale Barding Armor
28:11 Cavalier
34:29 Fletching
35:40 Hand Cart
38:37 Forging
38:28 Scale Mail Armor
42:55 Loom
43:49 Chain Barding Armor
44:57 Chain Mail Armor
46:45 Town Watch
47:47 Squires
47:35 Arson
48:11 Pikeman
ULIMA | I AM Chris Fernando
12:05 Feudal Age
16:05 Castle Age
15:03 Double-Bit Axe
15:12 Gold Mining
15:16 Loom
16:06 Wheelbarrow
15:17 Horse Collar
16:52 Town Watch
18:31 Fervor
21:08 Fletching
22:32 Bodkin Arrow
28:15 Ballistics
29:40 Forging
32:01 Bow Saw
31:55 Heavy Plow
32:29 Hand Cart
33:05 Bloodlines
33:16 Husbandry
36:56 Gold Shaft Mining
39:51 Imperial Age
37:35 Scale Barding Armor
38:06 Iron Casting
38:47 Chain Barding Armor
39:55 Cavalier
40:38 Farimba
40:57 Guilds
41:26 Plate Barding Armor
44:01 Conscription
47:59 Pikeman
oscabar85
10:31 Feudal Age
8:46 Loom
14:09 Castle Age
13:23 Double-Bit Axe
13:19 Horse Collar
13:42 Gold Mining
14:45 Bow Saw
20:35 Fervor
23:28 Squires
25:57 Wheelbarrow
26:28 Gold Shaft Mining
30:11 Imperial Age
28:23 Town Watch
29:00 Hand Cart
29:09 Forging
29:05 Scale Barding Armor
29:12 Stone Mining
30:28 Iron Casting
30:40 Stone Shaft Mining
31:08 Iron Casting
30:55 Chain Barding Armor
30:55 Husbandry
31:05 Bloodlines
31:17 Bloodlines
30:45 Cavalier
32:18 Conscription
32:10 Citadels
31:44 Heavy Camel Rider
34:23 Hoardings
35:29 Blast Furnace
35:05 Plate Barding Armor
Connection lost

Rejoining the realm…

Still unreachable

The connection could not be restored.

Session expired

The server has moved on; the page needs a fresh start.